 Dungeon Crawl Stone Soup version 0.19-a0-231-gae044c8 (webtiles) character file.

33 Banto the Sneak (level 3, -1/21 HPs)
             Began as a Felid Summoner on May 24, 2016.
             Slain by an adder (4 damage)
             ... on level 2 of the Dungeon.
             The game lasted 00:03:30 (1882 turns).

Banto the Sneak (Felid Summoner)                    Turns: 1882, Time: 00:03:30

Health: -1/21      AC:  1    Str:  6 (9)  XL:     3   Next: 12%
Magic:  4/7        EV: 17    Int: 19 (22) God:
Gold:   68         SH:  0    Dex: 15 (16) Spells: 1 memorised, 5 levels left
                                        Lives:  0   Deaths: 0

rFire  . . .     SeeInvis +       - Unarmed
rCold  . . .     Gourm    .     (armour unavailable)
rNeg   . . .     Faith    .     (shield unavailable)
rPois  .         Spirit   .     (helmet unavailable)
rElec  .         Dismiss  .     (cloak unavailable)
rCorr  .         Reflect  .     (gloves unavailable)
SustAt .         Harm     .     (boots unavailable)
MR     .....                    (no amulet)
Stlth  ..........               (no ring)
                                i - ring of flight

@: brilliant, berserking, lethally poisoned (-1 -> -3), very quick, not
resistant to hostile enchantments, extremely unstealthy
A: no armour, no weapons or thrown items, claws 1, fangs 3, see invisible,
carnivore 3, speed 1, shaggy fur 1, slow metabolism 1, sharp paws
a: Evoke Flight


You were on level 2 of the Dungeon.
You were completely stuffed.

You visited 1 branch of the dungeon, and saw 2 of its levels.

You collected 68 gold pieces.

Inventory:

Jewellery
 i - a ring of flight (left paw)
 l - an uncursed amulet of regeneration {unknown}
Scrolls
 d - a scroll of remove curse
 h - a scroll of recharging
Potions
 e - a potion of degeneration
 f - 3 potions of haste
 k - a potion of curing {unknown}
Books
 a - a book of Callings

   Spells                             Type                      Level
   a - Summon Small Mammal            Summoning                    1
   b - Call Imp                       Summoning                    2
   c - Call Canine Familiar           Summoning                    3
   d - Summon Guardian Golem          Hexes/Summoning              3
   e - Summon Lightning Spire         Summoning/Air                4
   f - Summon Ice Beast               Ice/Summoning                4
Comestibles
 b - 3 meat rations
 j - a chunk of flesh


   Skills:
 - Level 2.6 Dodging
 + Level 4.1 Stealth
 + Level 1.8 Unarmed Combat
 - Level 2.0 Spellcasting
 - Level 4.0 Summonings


You had 5 spell levels left.
You knew the following spells:

 Your Spells              Type           Power        Failure   Level  Hunger
a - Summon Small Mammal   Summ           ####         1%          1    #......


Dungeon Overview and Level Annotations

Branches:
Dungeon (2/15)

Altars:


Innate Abilities, Weirdness & Mutations

You cannot wear armour.
You are incapable of wielding weapons or throwing items.
You have sharp claws.
You have razor-sharp teeth.
You have supernaturally acute eyesight. (SInv)
You are carnivorous and can eat meat at any time.
You cover ground quickly.
You are covered in fur. (AC +1)
You have a slow metabolism.
Your sharp claws are effective at attacking unaware monsters.


Message History

Your bat barely misses the adder.
The adder misses you.
Your rat barely misses the adder.
Drink which item? (? for menu, Esc to quit)
Okay, then.
Drink which item? (? for menu, Esc to quit)
It was a potion of brilliance.
You feel clever all of a sudden.
Your bat misses the adder. The adder misses you.
Your rat barely misses the adder.
Drink which item? (? for menu, Esc to quit)
It was a potion of berserk rage.
A red film seems to cover your vision as you go berserk!
You feel yourself moving faster!
You feel mighty! The adder bites you.
* * * LOW HITPOINT WARNING * * *
Your bat completely misses the adder.
Your rat closely misses the adder.
You now have 3/21 hp.
You barely miss the adder.
The adder is severely wounded.
Your bat barely misses the adder.
The adder bites you.
You die...

#.......#....
#.......#....
+.......+....
#.......#...#
#######.......#...#
#.............#####
#.......#######
#.#####rb.....#####
#......S@...........
###########.....####
+........ ..##
#.....### ....
#.....# ..# #..$..#
# #...$.# # #.....#
# #


You could see an adder, a friendly bat and a friendly rat.

Vanquished Creatures
  An adder (D:2)
  2 dart slugs (D:1)
  A giant gecko (D:1)
  6 bats
  2 goblins (D:2)
  2 hobgoblins (D:2)
  A ball python (D:2)
  3 kobolds
  5 rats
23 creatures vanquished.

Vanquished Creatures (collateral kills)
  A quokka (D:2)
1 creature vanquished.

Grand Total: 24 creatures vanquished

Notes
Turn   | Place    | Note
--------------------------------------------------------------
     0 | D:1      | Banto the Felid Summoner began the quest for the Orb.
     0 | D:1      | Reached XP level 1. HP: 7/7 MP: 4/4
   299 | D:1      | Reached skill level 1 in Unarmed Combat
   299 | D:1      | Reached XP level 2. HP: 8/11 MP: 4/6
  1712 | D:2      | Reached XP level 3. HP: 14/14 MP: 7/7
  1882 | D:2      | Slain by an adder

Vault maps used:
D:1:      dpeg_arrival_tiny_a
D:2:      kennysheep_nondescript, uniq_sigmund, uniq_robin

Skill      XL: |  1  2 |
---------------+-------+-----
Stealth        | 3 4 |  4.1
Unarmed Combat | 1 |  1.8
Dodging        | |  2.6
Spellcasting   | |  2.0
Summonings     | |  4.0

Action                   || total
-------------------------++-------
Melee: Unarmed           ||    87
       Bite              ||     9
       Punch             ||     3
 Cast: Summon Small Mamm ||    13
  Use: Scroll            ||     8
       Potion            ||     3
 Stab: Sleeping          ||     7
  Eat: Chunk             ||     9
Armor: Skin              ||     9
Dodge: Dodged            ||    78

Table legend:
 A = Turns spent in this place as a percentage of turns spent in the entire game.
 B = Non-inter-level travel turns spent in this place as a percentage of non-inter-level travel turns spent in the entire game.
 C = Inter-level travel turns spent in this place as a percentage of turns spent in this place.
 D = Turns resting spent in this place as a percentage of non-inter-level travel turns spent in this place.
 E = Turns spent auto-exploring this place as a percentage of non-inter-level travel turns spent in this place.
 F = Non-inter-level travel turns spent in this place divided by the number of levels of this place that you've seen.
                   A       B       C       D       E      F
               +-------+-------+-------+-------+-------+----------------------
         Total | 100.0 | 100.0 |   0.8 |   5.2 |  12.4 | 193.5
       Dungeon | 100.0 | 100.0 |   0.8 |   5.2 |  12.4 | 193.5
               +-------+-------+-------+-------+-------+----------------------

Table legend:
 A = Kills in this place as a percentage of kills in entire the game.
 B = Kills by you in this place as a percentage of kills by you in the entire game.
 C = Kills by friends in this place as a percentage of kills by friends in the entire game.
 D = Other kills in this place as a percentage of other kills in the entire game.
 E = Experience gained in this place as a percentage of experience gained in the entire game.
 F = Experience gained in this place divided by the number of levels of this place that you have seen.
                   A       B       C       D       E      F
               +-------+-------+-------+-------+-------+----------------------
         Total | 100.0 | 100.0 | 100.0 |  -nan | 100.0 |  24.0
       Dungeon | 100.0 | 100.0 | 100.0 |  -nan | 100.0 |  24.0
               +-------+-------+-------+-------+-------+----------------------
